 Dungeon Crawl Stone Soup version 0.26.0-10-g1f06aea511 (webtiles) character file.

Game seed: 14103865329958599066

40845 theswoord the Brawler (level 13, -1/144 HPs)
             Began as a Troll Monk on Jan 13, 2021.
             Was the Champion of Okawaru.
             Slain by a blink frog (13 damage)
             ... on level 6 of the Lair of Beasts on Jan 14, 2021.
             The game lasted 00:24:29 (14377 turns).

theswoord the Brawler (Troll Monk)                 Turns: 14377, Time: 00:24:30

Health: -1/144     AC: 17    Str: 22    XL:     13   Next: 76%
Magic:  18/18      EV: 11    Int:  6    God:    Okawaru [******]
Gold:   1122       SH:  0    Dex: 22    Spells: 12/12 levels left

rFire    . . .     SeeInvis .     - Unarmed
rCold    . . .     Faith    +   (no shield)
rNeg     . . .     Spirit   .   F - +2 steam dragon scales
rPois    .         Reflect  .   M - +2 hat
rElec    .         Harm     .   V - scarf {shadows}
rCorr    .         Rampage  .   (gloves unavailable)
Will     .....                  (boots unavailable)
Stlth    ++........             h - amulet of faith
HPRegen  0.74/turn              w - +6 ring of dexterity
MPRegen  0.16/turn              N - +4 ring of protection

@: no status effects
A: large, unfitting armour, claws 3, regeneration 1, shaggy fur 1, tough skin 3
a: Renounce Religion, Heroism, Finesse


You were on level 6 of the Lair of Beasts.
You worshipped Okawaru.
Okawaru was exalted by your worship.
You visited 3 branches of the dungeon, and saw 17 of its levels.
You also visited: Sewer.

You collected 1122 gold pieces.

Inventory:

Hand Weapons
 E - a +3 scimitar of flaming
Armour
 c - a +1 animal skin
 F - +2 steam dragon scales (worn)
 M - a +2 hat (worn)
 V - a scarf of shadows (worn)
Jewellery
 h - an amulet of faith (around neck)
 w - a +6 ring of dexterity (left claw)
 G - an uncursed ring of resist corrosion
 K - an uncursed ring of protection from fire
 N - a +4 ring of protection (right claw)
Wands
 i - a wand of iceblast (27)
 B - a wand of paralysis (12)
 P - a wand of acid (13)
Scrolls
 a - a scroll of holy word
 b - 3 scrolls of identify
 l - 5 scrolls of fear
 m - 9 scrolls of teleportation
 p - 6 scrolls of magic mapping
 q - 9 scrolls of remove curse
 u - 4 scrolls of enchant armour
 A - 2 scrolls of amnesia
 D - a scroll of fog
 O - 3 scrolls of brand weapon
 R - a scroll of torment
Potions
 d - 9 potions of flight
 e - a potion of invisibility
 f - a potion of magic
 j - 2 potions of lignification
 k - 5 potions of degeneration
 n - 5 potions of haste
 o - 10 potions of curing
 r - 4 potions of brilliance
 s - a potion of heal wounds
 t - 4 potions of might
 z - 2 potions of mutation
 C - 2 potions of cancellation
 J - a potion of berserk rage
 S - 2 potions of ambrosia


   Skills:
 * Level 13.2 Fighting
 - Level 2.4 Dodging
 - Level 1.0 Stealth
 * Level 15.4 Unarmed Combat
 + Level 8.5 Invocations


You had 12 spell levels left.
You didn't know any spells.
Your spell library contained the following spells:

 Spells                   Type           Power        Failure   Level
 Magic Dart               Conj           0%           45%         1
 Blink                    Tloc           N/A          58%         2
 Call Imp                 Summ           0%           58%         2
 Slow                     Hex            0%           58%         2
 Confusing Touch          Hex            0%           83%         3
 Conjure Flame            Conj/Fire      0%           83%         3
 Gell's Gravitas          Tloc           0%           83%         3
 Lesser Beckoning         Tloc           0%           83%         3
 Mephitic Cloud           Conj/Pois/Air  0%           83%         3
 Teleport Other           Tloc           0%           83%         3
 Passage of Golubria      Tloc           N/A          99%         4
 Petrify                  Tmut/Erth      0%           99%         4
 Metabolic Englaciation   Hex/Ice        0%           100%        5
 Yara's Violent Unravell  Hex/Tmut       0%           100%        5


Dungeon Overview and Level Annotations

Branches:
Dungeon (10/15)            Temple (1/1) D:7            Lair (6/6) D:10
 Shoals (0/4) Lair:4        Snake (0/4) Lair:4        Slime (0/5) Lair:5
    Orc (0/2) D:10          Sewer (visited)

Altars:
Ashenzari
Cheibriados
Dithmenos
Elyvilon
Fedhas
Gozag
Hepliaklqana
Kikubaaqudgha
Makhleb
Nemelex Xobeh
Okawaru
Qazlal
Ru
Sif Muna
Trog
Uskayaw
Vehumet
Wu Jian
Xom
Yredelemnul
Zin
The Shining One

Shops:
D:5 ?   D:8 [

Portals:
Trove: D:10 (give 6 potions of haste)


Innate Abilities, Weirdness & Mutations

You are too large for most types of armour.
You have claws for hands.
Your natural rate of healing is unusually fast.
You are covered in fur. (AC +1)
You have extremely tough skin. (AC +3)


Message History

The blink frog blinks!
The blink frog hits you.
* * * LOW HITPOINT WARNING * * *
The blink frog blinks!
Your +3 scimitar of flaming stops flaming.
You are now empty-clawed.
The blink frog blinks!
You closely miss the blink frog.
The blink frog is heavily wounded.
The blink frog hits you!
* * * LOW HITPOINT WARNING * * *
The blink frog blinks!
The blink frog closely misses you.
You miss the blink frog. Your claw misses the blink frog.
The blink frog is heavily wounded.
The blink frog blinks!
The blink frog blinks!
The blink frog blinks!
The blink frog hits you!
* * * LOW HITPOINT WARNING * * *
The blink frog hits you!
You die...

..........P#
...........
#.......##
##........##
#..).......##
###..F.......
#..[......##
..###......F.#
...P#......@.##
..............#
$.......†....P#
.........†.P.##
.##....†#.†..#
##...###...#
##..P####.###
#.........P#
#........P##


You could see 2 blink frogs.

Vanquished Creatures
  Harold (D:7)
  3 hydras
  A boulder beetle (Lair:5)
  Erica (D:8)
  3 death yaks
  2 unseen horrors (D:10)
  A lindwurm (Lair:5)
  Pikel (D:7)
  8 black mambas
  13 elephants
  7 cane toads
  3 rime drakes
  Maggie (D:7)
  3 komodo dragons
  A troll (D:10)
  2 polar bears
  Grinder (D:3)
  Prince Ribbit (D:5)
  24 blink frogs
  A slime creature (D:5)
  5 dream sheep (Lair:5)
  A basilisk (D:10)
  36 yaks
  A wraith (D:10)
  3 wyverns
  A soldier ant (D:9)
  20 water moccasins
  5 orc warriors (D:10)
  3 ice beasts
  6 black bears
  2 sky beasts
  6 necrophages
  2 ogres
  19 wolves
  4 centaurs
  A lemure (D:7)
  5 big kobolds
  11 bullfrogs
  A gnoll sergeant (D:8)
  A water moccasin skeleton (D:9)
  2 scorpions (D:4)
  A wyvern skeleton (D:9)
  7 wights (D:9)
  5 electric eels
  2 howler monkeys
  3 centaur zombies
  2 quasits
  7 orc priests
  6 hounds
  6 jellies
  3 iguanas
  15 orc wizards
  2 bullfrog skeletons (D:7)
  7 worker ants
  A killer bee zombie (D:10)
  A bullfrog simulacrum (D:8)
  A centaur simulacrum (D:8)
  A hound skeleton (D:8)
  15 adders
  4 gnolls (D:8)
  A howler monkey skeleton (D:8)
  8 river rats (Sewer)
  2 shadow imps
  5 white imps
  7 ufetubi
  8 oozes
  2 adder skeletons
  2 adder zombies
  2 worms
  A dart slug (D:1)
  9 leopard geckos
  44 orcs
  8 giant cockroaches
  6 goblins
  5 hobgoblins
  4 jackals
  4 quokkas
  6 ball pythons
  3 bats (D:1)
  6 frilled lizards
  A jackal skeleton (D:4)
  20 kobolds
  A quokka skeleton (D:7)
  A quokka zombie (D:5)
  23 rats
481 creatures vanquished.

Vanquished Creatures (others)
  14 fungi
  52 plants
  8 toadstools (D:5)
74 creatures vanquished.

Grand Total: 555 creatures vanquished

Notes
Turn   | Place    | Note
-------+----------+-------------------------------------------
     0 | D:1      | theswoord the Troll Monk began the quest for the Orb.
     0 | D:1      | Reached XP level 1. HP: 22/22 MP: 0/0
    75 | D:1      | Reached XP level 2. HP: 29/29 MP: 1/1
   717 | D:2      | Found a glowing golden altar of the Shining One.
   789 | D:2      | Reached XP level 3. HP: 37/37 MP: 2/2
  1132 | D:2      | Reached skill level 4 in Unarmed Combat
  1308 | D:3      | Found a glowing drain.
  1313 | D:3      | Reached XP level 4. HP: 43/45 MP: 3/3
  1318 | Sewer    | Entered a sewer
  1593 | Sewer    | Reached XP level 5. HP: 52/54 MP: 4/4
  1649 | Sewer    | Reached skill level 5 in Unarmed Combat
  1782 | Sewer    | Reached XP level 6. HP: 62/62 MP: 5/5
  2012 | D:3      | Found a snail-covered altar of Cheibriados.
  2051 | D:3      | Noticed Grinder
  2051 | D:3      | Paralysed by Grinder for 2 turns
  2068 | D:3      | Paralysed by Grinder for 7 turns
  2076 | D:3      | Killed Grinder
  2144 | D:3      | Reached skill level 5 in Fighting
  2144 | D:3      | Reached skill level 6 in Unarmed Combat
  2144 | D:3      | Reached XP level 7. HP: 72/72 MP: 6/6
  2511 | D:3      | Found a white marble altar of Elyvilon.
  2843 | D:4      | Reached skill level 7 in Unarmed Combat
  3072 | D:4      | Found a basalt altar of Yredelemnul.
  3073 | D:4      | Found a shimmering blue altar of Sif Muna.
  3283 | D:5      | Entered Level 5 of the Dungeon
  3288 | D:5      | Reached XP level 8. HP: 82/83 MP: 7/7
  3340 | D:5      | Found Xezeol's Magic Scroll Shoppe.
  3363 | D:5      | Noticed Prince Ribbit
  3375 | D:5      | Killed Prince Ribbit
  3391 | D:4      | Reached skill level 8 in Unarmed Combat
  3525 | D:5      | Found a sacrificial altar of Ru.
  3871 | D:5      | Reached XP level 9. HP: 84/93 MP: 8/8
  3911 | D:5      | Reached skill level 9 in Unarmed Combat
  4420 | D:6      | Found a shimmering altar of Xom.
  4807 | D:7      | Found a staircase to the Ecumenical Temple.
  4845 | Temple   | Entered the Ecumenical Temple
  5054 | Temple   | Became a worshipper of Warmaster Okawaru
  5054 | Temple   | Reached * piety under Okawaru
  5054 | Temple   | Reached ** piety under Okawaru
  5373 | D:7      | Reached skill level 1 in Invocations
  5430 | D:7      | Noticed Maggie
  5438 | D:7      | Killed Maggie
  5439 | D:7      | Reached skill level 10 in Unarmed Combat
  5612 | D:7      | Noticed Pikel
  5626 | D:7      | Killed Pikel
  5627 | D:7      | Reached XP level 10. HP: 90/106 MP: 10/10
  5695 | D:7      | Noticed Harold
  5705 | D:7      | Killed Harold
  5705 | D:7      | Reached *** piety under Okawaru
  6059 | D:8      | Noticed Erica
  6127 | D:8      | Reached skill level 11 in Unarmed Combat
  6144 | D:8      | Reached **** piety under Okawaru
  6396 | D:8      | Killed Erica
  6467 | D:8      | Found Zaegyrr's Armour Emporium.
  7198 | D:9      | Reached ***** piety under Okawaru
  7394 | D:9      | Found a sparkling altar of Nemelex Xobeh.
  7426 | D:9      | Reached skill level 10 in Fighting
  7427 | D:9      | Received a gift from Okawaru
  7600 | D:9      | Reached XP level 11. HP: 109/116 MP: 13/13
  7929 | D:10     | Entered Level 10 of the Dungeon
  7929 | D:10     | Found a portal to a secret trove of treasure.
  8002 | D:10     | Found a staircase to the Lair.
  8021 | D:10     | Reached skill level 12 in Unarmed Combat
  8023 | D:10     | Killed an unseen horror
  8139 | D:10     | Reached skill level 5 in Invocations
  8571 | D:10     | Found a staircase to the Orcish Mines.
  8572 | D:10     | Killed an unseen horror
  8572 | D:10     | Received a gift from Okawaru
  8786 | Lair:1   | Entered Level 1 of the Lair of Beasts
  9734 | Lair:2   | Noticed a death yak
  9744 | Lair:2   | Killed a death yak
  9745 | Lair:2   | Reached skill level 13 in Unarmed Combat
  9813 | Lair:2   | Reached XP level 12. HP: 124/130 MP: 15/15
 10592 | Lair:3   | Received a gift from Okawaru
 11296 | Lair:4   | Found a staircase to the Snake Pit.
 11626 | Lair:4   | Reached skill level 14 in Unarmed Combat
 11806 | Lair:4   | Found a staircase to the Shoals.
 11846 | Lair:4   | Reached ****** piety under Okawaru
 11864 | Lair:4   | Noticed a four-headed hydra
 11873 | Lair:4   | Killed a one-headed hydra
 12221 | Lair:3   | Received a gift from Okawaru
 12680 | Lair:5   | Found a staircase to the Slime Pits.
 12741 | Lair:5   | Reached XP level 13. HP: 123/141 MP: 17/17
 13073 | Lair:5   | Received a gift from Okawaru
 13512 | Lair:5   | Reached skill level 15 in Unarmed Combat
 13949 | Lair:6   | Entered Level 6 of the Lair of Beasts
 14364 | Lair:6   | HP: 5/144 [five-headed hydra (4)]
 14367 | Lair:6   | Received a gift from Okawaru
 14377 | Lair:6   | Slain by a blink frog

Skill      XL: |  1  2  3  4  5  6  7  8  9 10 11 12 13 |
---------------+----------------------------------------+-----
Fighting       | 3 4 5 6 7 8 10 11 12 13 | 13.2
Unarmed Combat | 4 5 6 7 8 10 11 13 14 15 | 15.4
Invocations    | 2 4 5 7 8 |  8.5
Dodging        | |  2.4
Stealth        | |  1.0

Action                   |  1- 3 |  4- 6 |  7- 9 | 10-12 | 13-15 || total
-------------------------+-------+-------+-------+-------+-------++-------
Melee: Unarmed           |    83 |   147 |   267 |   579 |   199 ||  1275
       Punch             |       |     4 |    22 |    65 |    29 ||   120
       Scimitar          |       |       |       |     6 |    10 ||    16
Invok: Heroism           |       |       |       |     2 |     3 ||     5
       Finesse           |       |       |       |       |     1 ||     1
Evoke: Wand              |       |       |       |     6 |       ||     6
  Use: Scroll            |     3 |     5 |     6 |    15 |     1 ||    30
       Potion            |       |       |     1 |       |     3 ||     4
 Stab: Sleeping          |     3 |       |    12 |     4 |       ||    19
       Distracted        |       |       |       |     1 |       ||     1
Armor: Robe              |    26 |    56 |    93 |       |       ||   175
       Skin              |       |     6 |       |       |       ||     6
       Steam dragon scal |       |       |    18 |   259 |   103 ||   380
Dodge: Dodged            |    30 |   101 |   157 |   278 |   132 ||   698
       Rpst.: Scimitar   |       |       |       |     1 |     4 ||     5

Levels and vault maps discovered:
D:1:      amcnicky_arrival_choice, layout_loops_ring, eino_curves_01,
          st_stairs_14, chequers_serial_rivers_micro_d, roderic_lattice_a
D:2:      layout_loops_cross, tso_metal_star
D:3:      layout_basic, cheibriados_altar_1, elyvilon_altar_5,
          gup_sewer_entry_pipe, nrook_mini_vaults, uniq_grinder
D:4:      layout_cave_pools, gammafunk_temple_overflow_pools
D:5:      cheibrodos_fertilizer, layout_basic, hangedman_ru_absence,
          serial_shops, shop, uniq_prince_ribbit1
D:6:      layout_rooms, xom_teletrap_fun
D:7:      layout_basic, minmay_temple_entry_water_ring, minmay_diced_spiral,
          uniq_harold, uniq_pikel, uniq_maggie
D:8:      layout_layer_cave, serial_shops, shop_statue, serial_ice,
          serial_ice_i, serial_ice_h, serial_ice_e, serial_ice_d,
          hangedman_decor_points, uniq_erica
D:9:      layout_basic, lemuel_round_altar, serial_undead, serial_undead_b,
          serial_undead_e, serial_undead_b, serial_undead_d, grunt_ministairs_5,
          serial_bayou_lagoon_a
D:10:     layout_rooms, david_lair_generic, erik_orc_2,
          nicolae_trove_entry_free_sample
Temple:   regret_index_temple_generic_petals
Lair:1:   layout_long_grid, st_stairs_8, ldierk_geyser, beast_lair_carwin_6
Lair:2:   layout_hall_layers, beast_lair_carwin_11, lemuel_fruit_fields,
          infiniplex_staircase_pool
Lair:3:   layout_long_grid, serial_bayou_shore_a
Lair:4:   layout_big_grid, elwin_shoals_entry_rocks,
          minmay_snake_entry_six_corridors, serial_bayou, serial_bayou_pond_e,
          serial_bayou_lake_a, serial_bayou_ford_a, serial_bayou_pond_e,
          chequers_serial_rivers_small_a, serial_bayou_shore_b
Lair:5:   layout_small_grid, nicolae_slime_entry_slimehenge,
          beast_lair_carwin_1, grunt_megastairs_3
Lair:6:   grunt_lair_end_beastmaster, layout_small_grid,
          chequers_serial_rivers_large_a, amcnicky_altar_gilded,
          lemuel_fruit_tree
